Map: [ESL] Inside and Out

Players

Zoun

  • Race: Protoss Protoss
  • Spawn Location: 7:00

marcj (uThermal) - Winner!

  • Race: Terran Terran
  • League: Master
  • Spawn Location: 1:00

Event: HomeStory Cup XXI

VOD

Have the link to the VOD?

Description

Time

  • Played on: July 23, 2022, 12:24 p.m.
  • Length: 7:34

All games in this series

Show
View Real Time Build Order
Export as new Build Order

Zoun Protoss 

Build Orders: Dark Templar Rush 

Get SALT Encoding   

  12  0:00  Probe  
  13  0:12  Probe  
  14  0:17  Pylon  
  14  0:24  Probe (Chrono Boost)  
  15  0:36  Probe (Chrono Boost)  
  15  0:37  Gateway  
  16  0:45  Probe (Chrono Boost)  
  16  0:47  Assimilator  
  17  0:50  Probe  
  18  1:03  Probe  
  19  1:10  Gateway  
  19  1:15  Probe  
  20  1:25  Cybernetics Core  
  20  1:35  Pylon  
  20  1:49  Nexus  
  20  1:58  Adept (Chrono Boost)  
  20  2:00  Adept (Chrono Boost)  
  24  2:10  Shield Battery  
  24  2:13  Probe  
  25  2:15  Warp Gate  
  25  2:25  Adept  
  25  2:27  Adept  
  29  2:39  Assimilator  
  29  2:40  Pylon  
  29  2:47  Probe  
  30  3:00  Probe (Chrono Boost)  
  31  3:07  Twilight Council  
  31  3:08  Probe (Chrono Boost)  
  33  3:17  Probe (Chrono Boost)  
  33  3:18  Probe (Chrono Boost)  
  34  3:23  Probe x2 (Chrono Boost)  
  36  3:35  Probe x2  
  38  3:43  Dark Shrine  
  38  3:47  Probe x2, Gateway  
  40  3:59  Probe x2  
  40  4:01  Robotics Facility  
  42  4:11  Probe  
  42  4:13  Pylon, Probe  
  44  4:23  Probe  
  45  4:25  Probe  
  45  4:30  Blink (Chrono Boost)  
  42  4:35  Probe  
  42  4:36  Assimilator  
  42  4:38  Probe  
  44  4:47  Probe  
  44  4:50  Nexus, Probe  
  46  4:57  Dark Templar  
  48  5:00  Probe  
  48  5:02  Probe  
  48  5:03  Dark Templar  
  48  5:05  Pylon  
  52  5:07  Assimilator  
  52  5:08  Warp Prism (Chrono Boost)  
  54  5:15  Pylon  
  54  5:20  Pylon  
  54  5:23  Probe x2  
  56  5:35  Probe x2  
  56  5:45  Gateway  
  56  5:46  Gateway  
  56  5:47  Dark Templar  
  56  5:48  Probe  
  56  5:49  Immortal (Chrono Boost)  
  59  5:54  Sentry  
  65  5:57  Gateway  
  65  5:59  Probe (Chrono Boost), Forge  
  65  6:03  Probe (Chrono Boost)  
  65  6:04  Probe (Chrono Boost)  
  69  6:11  Probe (Chrono Boost)  
  69  6:13  Probe (Chrono Boost)  
  69  6:16  Probe x2 (Chrono Boost)  
  69  6:18  Probe (Chrono Boost)  
  68  6:22  Stalker  
  68  6:23  Stalker  
  68  6:24  Probe  
  68  6:25  Stalker, Probe  
  77  6:29  Probe  
  77  6:30  Shield Battery  
  77  6:32  Shield Battery  
  76  6:35  Immortal (Chrono Boost)  
  80  6:43  Stalker  
  80  6:44  Stalker  
  80  6:46  Sentry  
  86  6:53  Stalker x2  
  90  6:54  Stalker  
  90  7:00  Gateway  
  92  7:14  Stalker  
  92  7:15  Sentry  
  86  7:21  Stalker x3  
Show
View Real Time Build Order
Export as new Build Order

marcj Terran - Winner!

Build Orders:  

Get SALT Encoding   

  12  0:00  SCV  
  13  0:12  SCV  
  14  0:17  Supply Depot  
  14  0:24  SCV  
  15  0:38  SCV  
  15  0:39  Barracks  
  15  0:42  Refinery  
  16  0:50  SCV  
  16  0:53  Refinery  
  17  1:02  SCV  
  18  1:14  SCV  
  19  1:25  Reaper  
  19  1:26  Orbital Command, Supply Depot  
  20  1:41  Factory  
  20  1:52  SCV  
  21  1:57  Reaper  
  22  2:04  SCV  
  23  2:16  SCV  
  23  2:21  Command Center  
  24  2:27  Hellion  
  24  2:29  SCV  
  27  2:32  Barracks Reactor  
  27  2:41  SCV  
  28  2:48  Command Center  
  28  2:53  Factory Tech Lab  
  28  2:54  Barracks, SCV  
  28  3:00  Supply Depot  
  28  3:06  SCV  
  28  3:08  Marine x2  
  30  3:24  Siege Tank  
  33  3:29  Marine x2  
  33  3:33  SCV  
  35  3:34  Barracks  
  35  3:42  Barracks Tech Lab  
  35  3:45  SCV  
  35  3:46  Marine x2  
  38  4:00  Siege Tank  
  38  4:01  Marine  
  38  4:02  Stimpack  
  42  4:03  SCV  
  42  4:07  Marine x2  
  45  4:20  Marine  
  46  4:25  Marine  
  46  4:29  Orbital Command  
  46  4:32  Siege Tank  
  46  4:33  Barracks Tech Lab  
  46  4:35  Marine  
  50  4:38  Marine  
  51  4:46  Supply Depot, Marine  
  53  4:53  Combat Shield, Marine  
  53  4:56  Marine  
  52  5:08  Siege Tank  
  52  5:10  Supply Depot  
  52  5:13  Marine  
  52  5:14  Marine  
  56  5:17  Marine  
  56  5:19  Marine  
  59  5:24  SCV  
  59  5:25  SCV  
  61  5:31  Marine  
  61  5:34  Marine  
  63  5:39  Engineering Bay  
  64  5:46  Siege Tank  
  64  5:48  Marine  
  68  5:50  Marine  
  68  5:53  Marine  
  68  5:56  Supply Depot  
  69  5:58  SCV  
  70  6:06  Missile Turret  
  70  6:10  Marine  
  70  6:14  Marine  
  70  6:18  Supply Depot, Marine x2  
  72  6:25  Siege Tank  
  75  6:28  Marine  
  76  6:33  Marine  
  76  6:36  Marine  
  76  6:39  Marine  
  78  6:46  Marine  
  78  6:51  Marine  
  78  6:53  Marine  
  76  6:57  Marine  
  77  7:01  Siege Tank  
  76  7:28  Missile Turret  
Tags
 
Add a new tag
Caveats
  • Supply blocks, unpowered buildings, or Contaminate may cause inaccurate times.
  • Supply counts are checked every 10 seconds.